 Dungeon Crawl Stone Soup version 0.30-a0-782-ge64f9170bb (webtiles) character file.

Game seed: 11716641123050687229

221 112233 the Magician (level 5, -2/28 HPs)
             Began as a Deep Elf Earth Elementalist on Feb 28, 2023.
             Was an Initiate of Sif Muna.
             Slain by a black bear (7 damage)
             ... on level 4 of the Dungeon.
             The game lasted 00:01:54 (2839 turns).

112233 the Magician (Deep Elf Earth Elementalist)   Turns: 2839, Time: 00:01:55

Health: -2/28      AC:  2    Str:  5    XL:     5   Next: 65%
Magic:  10/16      EV: 13    Int: 22    God:    Sif Muna [......]
Gold:   178        SH:  0    Dex: 15    Spells: 12/18 levels left

rFire   . . .      SeeInvis .    c - +4 whip
rCold   . . .      Faith    .    (no shield)
rNeg    . . .      Spirit   .    a - +0 robe
rPois   .          Reflect  .    (no helmet)
rElec   .          Harm     .    (no cloak)
rCorr   .          Rampage  .    (no gloves)
Will    .....                    (no boots)
Stlth   ++                       (no amulet)
HPRegen 0.24/turn                (no ring)
MPRegen 0.15/turn                (no ring)

@: very slightly contaminated
A: no striking features
a: Renounce Religion


You were on level 4 of the Dungeon.
You worshipped Sif Muna.
Sif Muna was noncommittal.
You visited 1 branch of the dungeon, and saw 4 of its levels.

You collected 178 gold pieces.

Inventory:

Hand Weapons
 c - a +4 whip (weapon)
Armour
 a - a +0 robe (worn)
Wands
 j - a wand of digging (3)
 l - a wand of iceblast (8)
Scrolls
 e - 6 scrolls of identify {unknown}
Potions
 b - 2 potions of magic
 d - a potion of heal wounds {unknown}
 f - 2 potions of might {unknown}
 g - 3 potions of attraction {unknown}
 h - a potion of flight {unknown}
 i - 2 potions of curing {unknown}
 k - a potion of brilliance {unknown}


   Skills:
 - Level 2.9 Dodging
 - Level 3.0 Stealth
 + Level 7.2 Spellcasting
 - Level 1.7 Transmutations
 - Level 3.6 Earth Magic


You had 12 spell levels left.
You knew the following spells:

 Your Spells              Type           Power      Damage    Failure   Level
a - Sandblast             Erth           46%        2d11      1%          1
b - Stone Arrow           Conj/Erth      30%        3d8       12%         3
c - Passwall              Tmut/Erth      15%        N/A       4%          2

Your spell library contained the following spells:

 Spells                   Type           Power      Damage    Failure   Level
 Cigotuvi's Dreadful Rot  Necr/Pois/Air  14%        N/A       12%         2
 Poisonous Vapours        Pois/Air       14%        N/A       12%         2
 Mephitic Cloud           Conj/Pois/Air  7%         N/A       24%         3
 Petrify                  Tmut/Erth      19%        N/A       26%         4


Dungeon Overview and Level Annotations

Branches:
Dungeon (4/15)
 Temple: D:4-7

Altars:
Hepliaklqana
Sif Muna
Zin

Shops:
D:2 *


Message History

Casting: Sandblast (safe; 1% risk of failure)
Confirm with . or Enter, or press ? or * to list all spells.
Aiming: Sandblast (safe; 1% risk of failure)
Press: ? - help, Shift-Dir - straight line, f/p - black bear
Aim: a black bear (heavily wounded, 87% to hit)
The blast of sand hits the black bear!
The black bear is almost dead.
The black bear closely misses you. The black bear claws you. x2
* * * LOW HITPOINT WARNING * * *
The black bear goes berserk!
Unknown command.
Casting: Sandblast (safe; 1% risk of failure)
Confirm with . or Enter, or press ? or * to list all spells.
The spell is quite dangerous to miscast (12% risk of failure)!
Continue anyway? [Y]es or [N]o only, please.
The spell is quite dangerous to miscast (12% risk of failure)!
Continue anyway?
Okay, then.
Casting: Stone Arrow (quite dangerous; 12% risk of failure)
Confirm with . or Enter, or press ? or * to list all spells.
The spell is quite dangerous to miscast (12% risk of failure)!
Continue anyway? [Y]es or [N]o only, please.
The spell is quite dangerous to miscast (12% risk of failure)!
Continue anyway?
Aiming: Stone Arrow (quite dangerous; 12% risk of failure)
Press: ? - help, Shift-Dir - straight line, f/p - black bear
Aim: a black bear (severely wounded, berserk, 77% to hit)
You miscast Stone Arrow.
You are very lightly contaminated with residual magic.
Nothing appears to happen.
The black bear closely misses you. The black bear barely misses you.
The black bear closely misses you.
Unknown command.
Casting: Stone Arrow (quite dangerous; 12% risk of failure)
Confirm with . or Enter, or press ? or * to list all spells.
Aiming: Sandblast (safe; 1% risk of failure)
Press: ? - help, Shift-Dir - straight line, f/p - black bear
Aim: a black bear (severely wounded, berserk, 87% to hit)
The blast of sand hits the black bear.
The black bear is almost dead.
The black bear misses you. The black bear barely misses you. x3
The black bear claws you!
You die...

#.# #.# ### #.# #.#
..# #.# #.# #.####.#
#.# ######.##...# #.#
#......##.### #.#
#......##.# #.#
#......##.# #.#
#......@..# #.#
#.###'##+##h### #.#
#.#.....# ..! #.# .
#.#.#.....#..... #.#
####.#.+##'##+##+##+
#.#
.....#.#..#.....#..#.#
#.#
.###.#.#..#'###+#..#..
#.#
.#...#.#..#.....#..#.#
#.#
.....#.'..'.._..+..+.#
#.#


You could see a black bear (berserk).

Vanquished Creatures
  A phantom (D:4)
  7 adders
  2 worms
  An orc (D:4)
  13 bats
  5 endoplasms
  2 giant cockroaches
  3 goblins
  6 hobgoblins
  3 jackals (D:3)
  8 kobolds
  2 quokkas
  8 ball pythons
  12 frilled lizards
  5 rats
78 creatures vanquished.

Notes
Turn   | Place    | Note
-------+----------+-------------------------------------------
     0 | D:1      | 112233 the Deep Elf Earth Elementalist began the quest for
                  | the Orb.
     0 | D:1      | Reached XP level 1. HP: 10/10 MP: 6/6
   143 | D:1      | Reached XP level 2. HP: 15/15 MP: 6/8
   579 | D:1      | Reached XP level 3. HP: 17/19 MP: 5/9
  1225 | D:2      | Found Kyumnec's General Store.
  1312 | D:2      | Reached skill level 4 in Spellcasting
  1534 | D:2      | Reached XP level 4. HP: 24/24 MP: 10/12
  1538 | D:2      | Learned a level 3 spell: Stone Arrow
  1541 | D:2      | Learned a level 2 spell: Passwall
  1759 | D:3      | Reached skill level 5 in Spellcasting
  2330 | D:3      | Reached skill level 6 in Spellcasting
  2465 | D:3      | Reached XP level 5. HP: 28/28 MP: 12/15
  2504 | D:3      | Found a glowing silver altar of Zin.
  2542 | D:4      | Noticed a phantom
  2548 | D:4      | Killed a phantom
  2549 | D:4      | Reached skill level 7 in Spellcasting
  2626 | D:4      | Found a hazy altar of Hepliaklqana.
  2668 | D:4      | Found a shimmering blue altar of Sif Muna.
  2689 | D:4      | Became a worshipper of Sif Muna the Loreminder
  2832 | D:4      | Noticed a black bear
  2839 | D:4      | Slain by a black bear

Illustrated notes

Levels and vault maps discovered:
D:1:      lemuel_arrival_cross, layout_basic, fountainhead, minmay_lizard_pond
D:2:      layout_basic, serial_shops, nicolae_lakefront_shop
D:3:      layout_loops_ring, zin_statuary
D:4:      layout_basic, lemuel_doored_altar, mainiacjoe_overflow_alcove_2,
          mainiacjoe_overflow_24_doors, lightli_sewer_entry_pipes,
          nicolae_figureground_pulse, uniq_crazy_yiuf_cottage, uniq_pikel

Skill      XL: |  1  2  3  4  5 |
---------------+----------------+-----
Stealth        | 3 |  3.0
Spellcasting   | 4 6 7 |  7.2
Dodging        | |  2.9
Transmutations | |  1.7
Earth Magic    | |  3.6

Action                     |  1- 3 |  4- 6 || total
---------------------------+-------+-------++-------
  Melee: Unarmed           |     1 |       ||     1
         Whip              |     2 |     4 ||     6
   Cast: Sandblast         |    59 |    45 ||   104
   Stab: Sleeping          |     1 |       ||     1
 Armour: Robe              |     6 |     6 ||    12
  Dodge: Dodged            |    34 |    28 ||    62

Table legend: (Time is in decaauts)
 A = Elapsed time spent in this place.
 B = Non-inter-level travel time spent in this place.
 C = Inter-level travel time spent in this place.
 D = Time resting spent in this place.
 E = Time spent auto-exploring this place.
 F = Levels seen in this place.
 G = Mean time per level.
                   A        B        C        D        E       F      G
               +--------+--------+--------+--------+--------+-----+--------+
         Total |   2892 |   2827 |     65 |      0 |   2456 |   4 |  723.0 |
       Dungeon |   2892 |   2827 |     65 |      0 |   2456 |   4 |  723.0 |
               +--------+--------+--------+--------+--------+-----+--------+

Top non-repeatable levels by time:
     D:1: 1096 daAuts
     D:3: 802 daAuts
     D:2: 691 daAuts
     D:4: 302 daAuts
